Cogmind - Beta 10.1 @@@ ROGUE MODE // 2020.10.16 @ 16:02:13 Player: aperiodic Result: Destroyed self with Rocket Launcher Performance ------------- Evolutions (0) 0 Regions Visited (2) 400 Robots Destroyed (30) 150 Value Destroyed (602) 602 Prototype IDs (2) 40 Alien Tech Used (0) 0 Bonus (0) 0 TOTAL SCORE: 1192 Bonus ------- None Cogmind --------- Core Integrity 0/250 Matter 233/300 Energy 257/265 System Corruption 0% Temperature Cool (0) Movement Rolling (110) Ox3 Location -10/Mines Parts ------- > --- POWER (1) -------- Improved Ion Engine > --- PROPULSION (2) --- Wheel Wheel > --- UTILITY (2) ------ High-capacity Storage Unit High-capacity Storage Unit > --- WEAPON (2) ------- Rocket Launcher > --- INVENTORY (20) --- Improved Ion Engine Improved Ion Engine Wheel Improved Heat Sink Small Storage Unit Medium Storage Unit High-capacity Storage Unit Improved Targeting Computer Light Armor Plating Light Armor Plating Light Armor Plating Light Armor Plating EMP Blaster EMP Blaster Mining Laser Peak State ------------ > --- POWER ------------ Light Nuclear Core > --- PROPULSION ------- Wheel Compact Wheel > --- UTILITY ---------- High-capacity Storage Unit High-capacity Storage Unit > --- WEAPON ----------- Light Assault Rifle Light Assault Rifle > --- INVENTORY -------- Ion Engine Light Nuclear Core Wheel Wheel Improved Heat Sink Small Storage Unit Medium Storage Unit High-capacity Storage Unit Improved Targeting Computer Light Armor Plating Light Armor Plating Light Armor Plating Light Armor Plating Small Laser Mining Laser [Rating: 11] Favorites ----------- Power Improved Ion Engine Engine Improved Ion Engine Power Core Light Nuclear Core Propulsion Compact Wheel Treads Light Treads Wheel Compact Wheel Utility High-capacity Storage Unit Storage High-capacity Storage Unit Weapon Light Assault Rifle Energy Gun Small Laser Ballistic Gun Light Assault Rifle Launcher EMP Blaster Build | -11 -10 -10 ------- Run | Scr Mat Min Slots Evolved . | . . . Power . | . . . Propulsion . | . . . Utility . | . . . Weapon . | . . . Parts Attached 27 | 6 13 8 Power 3 | 1 2 . Engine 2 | 1 1 . Core 1 | . 1 . Reactor . | . . . Propulsion 10 | 2 6 2 Treads 2 | . 2 . Leg . | . . . Wheel 8 | 2 4 2 Hover . | . . . Flight . | . . . Utility 3 | 1 2 . Device . | . . . Storage 3 | 1 2 . Processor . | . . . Hackware . | . . . Protection . | . . . Artifact . | . . . Weapon 11 | 2 3 6 Energy Gun 4 | 1 1 2 Energy Cannon . | . . . Ballistic Gun 4 | 1 2 1 Ballistic Cannon . | . . . Launcher 3 | . . 3 Special Weapon . | . . . Impact Weapon . | . . . Slashing Weapon . | . . . Piercing Weapon . | . . . Special Melee Weapon . | . . . Unidentified Prototypes . | . . . Parts Lost 11 | . 4 7 Power . | . . . Propulsion 3 | . 1 2 Utility . | . . . Weapon 8 | . 3 5 Highest Loss Streak 4 | . 2 4 Average Slot Usage (%) 94 | . 89 98 Engine 10 | . 6 14 Core 3 | . 7 . Treads 2 | . 6 . Wheel 24 | . 20 27 Storage 24 | . 19 28 Energy Gun 7 | . 5 8 Ballistic Gun 19 | . 21 17 Naked Turns . | . . . Heaviest Build 76 | 12 73 76 Greatest Support 40 | 32 40 26 Greatest Overweight (x) 3 | 3 2 3 Average Overweight (x) 1 | 2 . 2 Largest Inventory Capacity 20 | 6 20 20 Average Capacity 14 | 5 10 20 Most Carried 18 | 6 17 18 Average Carried 12 | 4 7 17 Final Capacity 20 | 6 20 20 Final Carried 17 | 4 17 15 Class Distribution -------------------- 58% | Hauler-Mutant 28% | Mutant 13% | Scavenger-Mutant Dominant Class ---------------- Mutant | -10/Materials Hauler-Mutant | -10/Mines Resources | -11 -10 -10 ----------- Run | Scr Mat Min Matter Collected 568 | 231 238 99 Remotely . | . . . Salvage Created 898 | . 580 318 Parts 57 | . 35 22 Haulers Intercepted 2 | . 2 . Recyclers Shooed 1 | . 1 . Parts Field Recycled . | . . . Retrieved Matter . | . . . Parts Self-Destructed . | . . . Prevented . | . . . Kills | -11 -10 -10 ------- Run | Scr Mat Min Combat Hostiles Destroyed 22 | . 11 11 Guns 19 | . 11 8 AOE 3 | . . 3 Classes Destroyed 7 | . 7 . Worker 2 | . 1 1 Tunneler 2 | . 1 1 Hauler 2 | . 2 . Recycler 1 | . 1 . Operator 1 | . 1 . Swarmer 10 | . 3 7 Grunt 12 | . 8 4 Best Kill Streak 5 | . 5 4 Combat Bots Only 4 | . 4 3 Max Kills in Single Turn 2 | . 1 2 Gunslinging . | . . . Exploded 1 | . . 1 Melee . | . . . Uniques/NPCs Destroyed . | . . . Combat | -11 -10 -10 -------- Run | Scr Mat Min Damage Taken 1315 | . 791 524 Core 252 | . 114 138 Absorbed by Shields . | . . . Core Remaining (%) 100 | 100 . . Volleys Fired 112 | . 70 42 Largest 2 | . 2 2 Hottest 85 | . 70 85 Shots Fired 215 | . 134 81 Gun 207 | . 134 73 Cannon . | . . . Launcher 8 | . . 8 Special . | . . . Kinetic 140 | . 99 41 Thermal 67 | . 35 32 Explosive 4 | . . 4 Electromagnetic 4 | . . 4 Robot Hit Streak 22 | . 22 8 Robot Miss Streak 5 | . 3 5 Penetration Max . | . . . Secondary Targets 2 | . 2 . Max Gunslinging Chain 1 | . 1 . Shots Hit Robots 129 | . 93 36 Core Hits 56 | . 37 19 Critical Hits 2 | . 2 . Critical Kills 1 | . 1 . Critical Parts Destroyed 1 | . 1 . Melee Attacks . | . . . Impact . | . . . Slashing . | . . . Piercing . | . . . Sneak Attacks . | . . . Combat Hostiles . | . . . Follow-up Attacks . | . . . Damage Inflicted 1360 | . 809 551 Guns 1100 | . 809 291 Cannons . | . . . Explosions 260 | . . 260 Melee . | . . . Ramming . | . . . Kinetic 611 | . 513 98 Thermal 489 | . 296 193 Explosive 186 | . . 186 Electromagnetic 74 | . . 74 Impact . | . . . Slashing . | . . . Piercing . | . . . Highest Corruption . | . . . Average Corruption . | . . . Corruption Purged . | . . . Overload Shots . | . . . Overflow Damage 11 | . . 11 Projectiles . | . . . Explosions 11 | . . 11 Melee . | . . . Knockbacks . | . . . Impact . | . . . Kinetic . | . . . Secondary . | . . . Self-Inflicted Damage 39 | . . 39 Shots 3 | . . 3 Rammed . | . . . Targets Rammed . | . . . Kicked . | . . . Crushed . | . . . Highest Temperature 246 | . 212 246 Average Temperature 78 | . 93 56 Received Heat Transfer 483 | . 354 129 Siege Activations . | . . . Robots Corrupted . | . . . Combat Hostiles . | . . . Parts Fried . | . . . Impact Corruptions . | . . . Robots Melted . | . . . Combat Hostiles . | . . . Parts Melted 4 | . 2 2 Heat Transferred 1182 | . 746 436 Parts Sabotaged . | . . . Parts Stolen . | . . . Parts Stripped . | . . . Power Chain Reactions . | . . . Missiles Intercepted . | . . . Alert | -11 -10 -10 ------- Run | Scr Mat Min Peak Influence 282 | . 282 155 Initial 38 | . . 38 Average 100 | . 159 69 Maximum Alert Level 1 | . 1 . Low Security (%) 85 | 100 63 100 Level 1 14 | . 36 . Level 2 . | . . . Level 3 . | . . . Level 4 . | . . . Level 5 . | . . . High Security . | . . . Max Security . | . . . Squads Dispatched 3 | . 3 . Investigation 1 | . 1 . Extermination . | . . . Reinforcement 2 | . 2 . Assault . | . . . Garrison . | . . . Intercept . | . . . Construction Impeded . | . . . Haulers Reinforced . | . . . Stealth | -11 -10 -10 --------- Run | Scr Mat Min Distress Signals 2 | . 2 . Communications Jammed . | . . . Distress Signals . | . . . Times Spotted 36 | . 19 17 Peak Tracking Total 4 | . 4 3 Tactical Retreats 4 | . . 4 Traps | -11 -10 -10 ------- Run | Scr Mat Min Traps Triggered 1 | . 1 . Indirectly . | . . . Trap Hack Attempts . | . . . Triggered . | . . . Disarmed . | . . . Reprogrammed 4 | . 4 . Reused . | . . . Traps Extracted . | . . . Installed . | . . . Triggered 1 | . . 1 Machines | -11 -10 -10 ---------- Run | Scr Mat Min Machines Disabled . | . . . Max in Single Turn . | . . . Machines Sabotaged . | . . . Garrisons Compromised . | . . . Overloaded Fab Kills . | . . . Fab Network Shutdowns . | . . . Hacking | -11 -10 -10 --------- Run | Scr Mat Min Machines Accessed 3 | . 2 1 Terminals 3 | . 2 1 Fabricators . | . . . Repair Stations . | . . . Recycling Units . | . . . Scanalyzers . | . . . Garrison Access . | . . . Total Hacks 9 | . 6 3 Successful 5 | . 5 . Failed 4 | . 1 3 Catastrophic 1 | . . 1 Database Lockouts . | . . . Manual 6 | . 3 3 Terminals 9 | . 6 3 Fabricators . | . . . Repair Stations . | . . . Recycling Units . | . . . Scanalyzers . | . . . Garrison Access . | . . . Terminal Hacks 4 | . 4 . Prototype ID Bank 1 | . 1 . Locate Traps 1 | . 1 . Reprogram Traps 1 | . 1 . Hauler Manifests 1 | . 1 . Fabricator Hacks . | . . . Repair Station Hacks . | . . . Recycling Unit Hacks . | . . . Scanalyzer . | . . . Garrison Access Hacks . | . . . Unauthorized Hacks 1 | . 1 . Terminals 1 | . 1 . Botnet 1 | . 1 . Fabricators . | . . . Repair Stations . | . . . Recycling Units . | . . . Scanalyzers . | . . . Garrison Access . | . . . Data Cores Recovered . | . . . Used . | . . . Hacking Detections 3 | . 2 1 Full Trace Events . | . . . Feedback Events . | . . . Feedback Blocked . | . . . Robot Schematics Acquired . | . . . Robots Built . | . . . Matter . | . . . Time . | . . . Total Robot Build Rating . | . . . Part Schematics Acquired . | . . . Parts Built . | . . . Matter . | . . . Time . | . . . Total Part Build Rating . | . . . Parts Repaired . | . . . Time . | . . . Parts Recycled . | . . . Recycled Matter . | . . . Retrieved Matter . | . . . Retrieved Components . | . . . Parts Scanalyzed . | . . . Part Schematics Acquired . | . . . Parts Damaged . | . . . Bothacking | -11 -10 -10 ------------ Run | Scr Mat Min Used RIF Installer . | . . . Robots Hacked . | . . . Non-combat . | . . . Combat . | . . . Robot Hacks Applied . | . . . Relay Couplers Released . | . . . Robots Rewired . | . . . Allies Hacked . | . . . Hacks Repelled . | . . . Allies | -11 -10 -10 -------- Run | Scr Mat Min Total Allies 2 | . . 2 Largest Group 2 | . . 2 Highest-Rated Group 41 | . . 41 Highest-Rated Ally 31 | . . 31 Total Orders . | . . . Ally Attacks 5 | . . 5 Total Damage 84 | . . 84 Kills . | . . . Allies Corrupted . | . . . Allies Melted . | . . . Intel | -11 -10 -10 ------- Run | Scr Mat Min Robot Analysis Total . | . . . Derelict Logs Recovered 1 | . . 1 Drone Launches . | . . . Drone Recoveries . | . . . Exploration | -11 -10 -10 ------------- Run | Scr Mat Min Turns Passed 1328 | 93 534 701 Spaces Moved 780 | 46 277 457 Core 43 | 43 . . Treads 19 | . 19 . Legs . | . . . Wheels 718 | 3 258 457 Hover . | . . . Flight . | . . . Fastest Speed 50 | 50 90 110 Average Speed 111 | 168 103 110 Slowest Speed 200 | 200 160 110 Overloaded Moves . | . . . Propulsion Burnouts . | . . . Robots Hopped . | . . . Cave-ins Triggered . | . . . Exploration Rate (%) 44 | 5 49 80 Regions Visited 2 Branch Regions 1 Pre-discovered Areas . | . . . Known Exits Taken . | . . . Unknown Exits Taken 2 | 1 1 . Scrap Searched 1 | . . 1 Spaces Dug . | . . . Terrain Destroyed 43 | . . 43 Melee . | . . . Projectile . | . . . AOE 43 | . . 43 Terrain Rammed . | . . . Walls Destroyed . | . . . Machines Disabled . | . . . Actions | -11 -10 -10 --------- Run | Scr Mat Min Total 1055 | 61 410 584 Wait 92 | . 20 72 Move 778 | 45 276 457 Hop . | . . . Pick Up 36 | 10 22 4 Fast Attach 3 | . 3 . Attach 16 | 6 3 7 Detach 1 | . . 1 Swap 8 | . 7 1 Drop 9 | . 9 . Fire 112 | . 70 42 Melee . | . . . Ram . | . . . Kick . | . . . Crush . | . . . Escape Stasis . | . . . Rewire . | . . . Trap . | . . . Miscellaneous . | . . . Route ------- -11/Scrapyard -10/Materials (discovered 2 exits: [*Mat] / *Min) -10/Mines (discovered 2 exits: [*Mat x2]) History --------- Turn | Location | Event 20 | -11/Scrapyard | Discovered new exit (range 16) 94 | -11/Scrapyard | Entered Materials 307 | -10/Materials | Build established: Mutant 419 | -10/Materials | Discovered new exit (range 16) 530 | -10/Materials | Discovered new exit (range 4) 628 | -10/Materials | Entered Mines 643 | -10/Mines | Received a Rocket Launcher from a helpful Derelict 754 | -10/Mines | Discovered new exit (range 9) 839 | -10/Mines | Discovered new exit (range 4) 849 | -10/Mines | Build established: Hauler-Mutant 956 | -10/Mines | Learned Materials garrison access intel 994 | -10/Mines | Core integrity fell below 50% 1099 | -10/Mines | Core integrity fell below 20% 1329 | -10/Mines | Destroyed self with Rocket Launcher Last Messages --------------- 01150_ Acquired 1 matter. 01171_ A derelict is hurriedly installing traps. 01173_ H4-1RF(g): "Hehe, this'll put a wrench in their mining defense operations..." 01173_ H4-1RF(g) slips into the shadows. 01255_ T-07 Excavator destroyed. 01259_ Acquired 2 matter. 01261_ K-01 Serf collects debris. 01261_ Acquired Wheel. 01280_ Wheel destroyed. 01284_ Com. Wheel destroyed. 01295_ Particle Gun destroyed. 01295_ S-10 Pest destroyed. 01306_ Destroyed Lgt. Ion Engine. 01307_ Lgt. Assault Rifle destroyed. 01309_ S-10 Pest destroyed. 01310_ The unstable cave ceiling collapses. 01320_ Acquired 15 matter. 01329_ S-10 Pest destroyed. 01329_ K-01 Serf destroyed. Map ----- +----------------------------------------------------+ | | | | | | | | | | | | | | | | | | | | | | | | | | | | | | | ????????????????????????????????????? | | ????????????????????????????????????? | | ????????????????????????????????????? | | ????????????????????????????????????? | | ????????????????????????????????????? | | ????????????????????????????????????? | | ????????????????????????????????????? | | ?????####""#####????????????????????? | | ?????# X # # #??????????????????? | | ?????# #??????????????????? | | ?????# @ ######?????????????? | | ??????# % #????????###??? | | ??????##### [% ### #??####### ##?? | | ??????????#### #???????# #?? | | ?????????????## ##??# #### #### #?? | | ??????????????#*#???# #?## ##? | | ????""" ##### #???###### ### ## | | ????""" =#???###### ## # | | ??# ##### #???# *% ! ## | | ??????????????# #???# ####### | | ????????????### ### # #????## | | ????????????# # ##?????### | | ???????????## #???????## | | ???????##### #????????## | | ???????# # #?????????#### | | ???????# ### ###????????????# | | ???????????# #?????????????? | | ???????????## ### #?????????????? | | ????????????## ####?? #?????????????? | | ?????????????###?????? ?????????????? | | ??????????????????????? ????????????? | | ????????????????????????#???????????? | | ????????????????????????????????????? | | ????????????????????????????????????? | | ????????????????????????????????????? | +----------------------------------------------------+ Best States ------------- Heat Dissipation 25 Energy Generation 14 Energy Capacity 265 Matter Stores 300 Matter Capacity 300 Sight Range 16 Terrain Scan Density 10 Evasion (%) 42 Recoil Reduction 2 Item Schematics ----------------- None Robot Schematics ------------------ None Fabricated ------------ Nothing Alien Tech Used ----------------- None Achievements -------------- None Challenges ------------ None Game ------ Seed ZioniteNeutronScrap Manual? 0 Play Time 00:18:33 Cumulative 117.3 hours Start 2020.10.16 @ 15:44:21 End 2020.10.16 @ 16:02:13 Sessions 1 Manual Loads 0 Difficulty Rogue Special Mode None Game No. 56 Rogue 52 Adventurer 4 Explorer 0 Win Type - Total 0 Types 0/0/0/0/0/0/0/0/0 Lore% 49 Gallery% 63 Achievement% 45 Wizard Run 0 Options --------- ASCII 1 Keyboard 0 Movement Arrows Keybinds 0 Fullscreen 1 Font 18/SmallcapsGlow Map View 76x50 Tactical HUD 1 Map Filters NONE Filters NONE Steam 1 RUN: 6296a7ba-ee56-4ed6-9bc2-3c5a06b70402